 Dungeon Crawl Stone Soup version 0.23.2-11-gf996548 (webtiles) character file.

Game seed: 9659703568304060367

34 IBeShadow the Firebug (level 3, -1/28 HPs)
             Began as a Draconian Fire Elementalist on June 3, 2019.
             Slain by Terence
             ... wielding a cursed -1 flail
              (8 damage)
             ... on level 1 of the Dungeon.
             The game lasted 00:02:51 (1799 turns).

IBeShadow the Firebug (Draconian Fire Elementalist) Turns: 1799, Time: 00:02:51

Health: -1/28      AC:  5    Str: 10    XL:     3   Next: 14%
Magic:  1/6        EV: 12    Int: 16    God:
Gold:   59         SH:  0    Dex: 11    Spells: 3/6 levels left

rFire    . . .     SeeInvis .   d - +0 whip
rCold    . . .     Gourm    .   (no shield)
rNeg     . . .     Faith    .   (armour unavailable)
rPois    .         Spirit   .   (helmet restricted)
rElec    .         Reflect  .   (no cloak)
rCorr    .         Harm     .   (no gloves)
MR       .....                  (no boots)
Stlth    ++........             f - amulet of rage
HPRegen  0.09/turn              (no ring)
MPRegen  0.10/turn              (no ring)

@: no status effects
A: unfitting armour, cold-blooded, AC +5
a: Evoke Berserk Rage


You were on level 1 of the Dungeon.
You were not hungry.

You visited 1 branch of the dungeon, and saw 2 of its levels.

You collected 59 gold pieces.

Inventory:

Hand Weapons
 d - a +0 whip (weapon)
Jewellery
 f - an amulet of rage (around neck)
Scrolls
 e - 2 scrolls of identify {unknown}
 g - a scroll of enchant armour {unknown}
 h - a scroll of enchant weapon {unknown}
Potions
 a - a potion of heal wounds {unknown}
 c - a potion of haste


   Skills:
 + Level 1.5 Fighting
 - Level 1.7 Dodging
 - Level 1.7 Stealth
 - Level 2.0 Spellcasting
 + Level 1.9 Conjurations
 + Level 3.4 Fire Magic


You had 3 spell levels left.
You knew the following spells:

 Your Spells              Type           Power        Failure   Level  Hunger
a - Flame Tongue          Conj/Fire      ##...        7%          1    #......
b - Throw Flame           Conj/Fire      ##....       11%         2    ###....

Your spell library contained the following spells:

 Spells                   Type           Power        Failure   Level  Hunger
 Conjure Flame            Conj/Fire      ##......     21%         3    ###....
 Inner Flame              Hex/Fire       #.......     30%         3    ###....
 Sticky Flame             Conj/Fire      ##......     56%         4    #####..
 Fireball                 Conj/Fire      ##........   88%         5    ######.


Dungeon Overview and Level Annotations

Branches:
Dungeon (2/15)

Altars:

Annotations:
D:1 Terence


Innate Abilities, Weirdness & Mutations

Your plain brown scales are hard. (AC +5)
You cannot fit into any form of body armour.
You are cold-blooded and may be slowed by cold attacks.


Message History

You hit Terence but do no damage.
Terence is heavily wounded.
Terence closely misses you.
You closely miss Terence.
Terence is heavily wounded.
Terence hits you but does no damage.
You hit Terence but do no damage.
Your tail-slap misses Terence.
Terence is heavily wounded.
Terence barely misses you.
You hit Terence but do no damage.
Terence is heavily wounded.
You hit Terence.
Terence is heavily wounded.
Terence hits you with a cursed -1 flail!
* * * LOW HITPOINT WARNING * * *
You hit Terence but do no damage.
You tail-slap Terence, but do no damage.
Terence is heavily wounded.
Terence hits you with a cursed -1 flail!
You die...

##.######....##########..........
#.# #####.†........>...#####....
#.###......###..######## #####
#.........## ##...# #
######..#### ###.###### # ###
#..## ####...## # ..###.##
###..##..########
##..#############..#####.........
.###..#...)...#@@###.............
...##.'..≈≈≈..'.## ###.##########
####..#.......#..### #.## #
##..#############..###..# # ..###
###..##.# ### ###...# # #####


You could see Terence.

Vanquished Creatures
  An adder (D:2)
  A dart slug (D:1)
  4 bats (D:1)
  A giant cockroach (D:1)
  4 goblins
  2 hobgoblins (D:1)
  A quokka (D:2)
  5 kobolds (D:1)
  2 rats
21 creatures vanquished.

Notes
Turn   | Place    | Note
-------+----------+-------------------------------------------
     0 | D:1      | IBeShadow the Draconian Fire Elementalist began the quest
                  | for the Orb.
     0 | D:1      | Reached XP level 1. HP: 14/14 MP: 3/3
   166 | D:1      | Reached XP level 2. HP: 17/22 MP: 5/5
   233 | D:1      | Learned a level 2 spell: Throw Flame
   265 | D:1      | Reached skill level 1 in Fighting
  1081 | D:2      | Noticed Terence
  1087 | D:2      | Reached XP level 3. HP: 14/28 MP: 3/6
  1403 | D:1      | HP: 1/28 [giant cockroach (1)]
  1799 | D:1      | Slain by Terence

Skill      XL: |  1  2 |
---------------+-------+-----
Fighting       | 1 |  1.5
Dodging        | |  1.7
Stealth        | |  1.7
Spellcasting   | |  2.0
Conjurations   | |  1.9
Fire Magic     | |  3.4

Action                   || total
-------------------------++-------
Melee: Club              ||    46
       Unarmed           ||     4
       Tailslap          ||    10
       Whip              ||    66
 Cast: Flame Tongue      ||    30
  Use: Potion            ||     1
  Eat: Ration            ||     1
Armor: Skin              ||    68
Dodge: Dodged            ||   139
